 Dungeon Crawl Stone Soup version bcrawl-1.19.1 (webtiles) character file.

Game seed: 103807859905849576

5393 Revguard the Spear-Bearer (level 10, -17/115 HPs)
             Began as a Demonspawn Archaeologist on Dec 5, 2019.
             Was a Priest of Okawaru.
             Demolished by a titanic slime creature (62 damage)
             ... on level 9 of the Dungeon.
             The game lasted 00:25:13 (8615 turns).

Revguard the Spear-Bearer (DsAc)                    Turns: 8615, Time: 00:25:14

Health: -17/115    AC: 25    Str: 14    XL:     10   Next: 39%
Magic:  16/23      EV:  2    Int: 16    God:    Okawaru [***...]
Gold:   268        SH:  0    Dex: 14    Spells: 9/9 levels left

rFire    . . .     SeeInvis .   f - +12 glaive of Prune {chop, lignify}
rCold    . . .     Gourm    .   (shield currently unavailable)
rNeg     + + +     Faith    .   (armour currently unavailable)
rPois    +         Spirit   .   (helmet currently unavailable)
rElec    .         Reflect  .   (cloak currently unavailable)
rCorr    .         Harm     .   (gloves currently unavailable)
MR       +....     NoTele   +   (boots currently unavailable)
Stlth    ++........             (no amulet)
HPRegen  0.29/turn              m - ring of magical power
MPRegen  0.18/turn              b - ring of protection from magic

@: tree-form (expiring)
A: rugged brown scales 2, strong 1, wild magic 1, flame cloud immunity
a: Heroism, Renounce Religion


You were on level 9 of the Dungeon.
You worshipped Okawaru.
Okawaru was most pleased with you.
You were near starving.
You were a tree.
You visited 1 branch of the dungeon, and saw 9 of its levels.

You collected 439 gold pieces.
You spent 171 gold pieces at shops.

Inventory:

Hand Weapons
 d - a +3 hand axe of flaming
 f - the +12 glaive of Prune (weapon) {chop, lignify}

   It inflicts extra damage upon your enemies.
Armour
 c - a +1 hat (melded)
 x - +0 fire dragon scales
 y - the +1 ring mail "Jaix" (melded) {rC+++ rCorr MP-9 Dex+5}
   (You found it on level 6 of the Dungeon)

   It affects your dexterity (+5).
   It renders you almost immune to cold.
   It affects your magic capacity (-9).
   It provides partial protection from all sources of acid and corrosion.
 B - +0 swamp dragon scales
Jewellery
 b - a ring of protection from magic (right branch)
 m - a ring of magical power (left branch)
Wands
 q - a wand of digging (10)
Scrolls
 a - a scroll of teleportation
 i - a scroll of identify
 j - a scroll of magic mapping
 l - a scroll of brand weapon
 n - a scroll of immolation
 o - 6 scrolls of remove curse
 p - 4 scrolls of amnesia
 r - a scroll of enchant weapon
 t - 3 scrolls of fog
 A - a scroll of vulnerability
 D - 2 scrolls of enchant armour {unknown}
Potions
 e - 2 potions of curing
 h - 3 potions of brilliance
 k - 3 potions of cancellation
 u - 2 potions of agility
 v - 3 potions of resistance
 w - a potion of heal wounds
 z - a potion of invisibility
 C - a potion of flight
 E - 2 potions of ambrosia {unknown}
Comestibles
 g - 15 rations {!d}


   Skills:
 + Level 5.3 Fighting
   Level 1.7 Maces & Flails
 + Level 10.5 Polearms
 + Level 4.3 Armour
 + Level 4.8 Dodging
 - Level 3.0 Stealth
 * Level 5.0 Invocations
 * Level 6.1 Evocations


You had 9 spell levels left.
You didn't know any spells.
Your spell library contained the following spells:

 Spells                   Type           Power        Failure   Level  Hunger
 Corona                   Hex            #......      34%         1    ##.....
 Ensorcelled Hibernation  Hex/Ice        #.....       45%         2    ###....
 Confuse                  Hex            #.......     67%         3    ####...
 Dazzling Spray           Conj/Hex       #.....       67%         3    ####...
 Tukima's Dance           Hex            #.......     67%         3    ####...


Dungeon Overview and Level Annotations

Branches:
Dungeon (9/12)             Temple (0/1) D:7            Lair (0/6) D:7
    Orc: D:8-11

Altars:
Cheibriados
Dithmenos
Fedhas
Gozag
Makhleb
Okawaru
Ru
Trog
Wu Jian
Xom
Yredelemnul
Zin
The Shining One

Shops:
D:4 (   D:6 (   D:7 *   D:8 ([


Innate Abilities, Weirdness & Mutations

((You have razor-sharp toenails.))
(You are mostly covered in rugged brown scales. (AC +2, +5% HP))
((Your flesh is heat resistant. (rF+)))
((You are partially covered in sharp spines.))
You are immune to clouds of flame.
Your muscles are strong. (Str +2)
Your spells are a little harder to cast, but a little more powerful.


Message History

The very large slime creature is heavily wounded.
Your transformation is almost over.
You slice the very large slime creature!!
The very large slime creature is severely wounded.
The very large slime creature hits you but does no damage.
You slice the very large slime creature!!
The very large slime creature is severely wounded.
Two slime creatures merge to form a titanic slime creature.
You slash the titanic slime creature!
The titanic slime creature is heavily wounded.
The titanic slime creature hits you!!!
Press: ? - help, v - describe, . - travel
Here: a titanic slime creature (heavily wounded)
The floor.
Really read the scroll of torment?
As you read the scroll of torment, it crumbles to dust.
You feel a surge of unholy energy.
The titanic slime creature convulses!
The titanic slime creature hits you!!!
Ouch! That really hurt!
You die...

#.#######
#...J♣..#
....#####.# .
#.# #.#
#######.#####.#
..............#
###.##...###..#
#...# #.###


You could see a titanic slime creature.

Vanquished Creatures
  Erica (D:8)
  A two-headed ogre (D:6)
  A manticore (D:8)
  Joseph (D:7)
  A troll (D:8)
  A hungry ghost (D:7)
  3 wargs (D:7)
  An ice beast (D:7)
  An orc warrior (D:8)
  A black bear (D:6)
  4 phantoms
  4 ogres
  2 centaurs
  3 bullfrogs
  3 scorpions
  8 crimson imps
  A bullfrog zombie (D:5)
  8 hounds
  2 orc priests (D:7)
  4 bullfrog skeletons
  Terence (D:3)
  4 iguanas
  3 orc wizards
  7 worker ants
  A worker ant zombie (D:6)
  6 adders
  A gnoll (D:6)
  2 shadow imps (D:8)
  3 oozes
  An adder zombie (D:8)
  2 adder skeletons (D:4)
  2 worms (D:2)
  A dart slug (D:3)
  8 leopard geckos
  10 orcs
  A giant cockroach (D:2)
  4 goblins
  3 hobgoblins
  10 jackals
  2 quokkas
  A ball python (D:1)
  6 bats
  A frilled lizard (D:1)
  11 kobolds
  A rat (D:1)
143 creatures vanquished.

Vanquished Creatures (others)
  An orc (D:7)
  A frilled lizard (D:2)
2 creatures vanquished.

Grand Total: 145 creatures vanquished

Notes
Turn   | Place    | Note
-------+----------+-------------------------------------------
     0 | D:1      | Revguard the Demonspawn Archaeologist began the quest for
                  | the Orb.
     0 | D:1      | Reached XP level 1. HP: 15/15 MP: 1/1
   235 | D:1      | Reached skill level 1 in Maces & Flails
   238 | D:1      | Gained mutation: You have sharp toenails. [demonic
                  | ancestry]
   238 | D:1      | Reached XP level 2. HP: 6/21 MP: 2/2
   441 | D:1      | Reached skill level 1 in Evocations
   479 | D:1      | HP: 1/21 [jackal (2)]
  1121 | D:2      | Found a glowing silver altar of Zin.
  1131 | D:2      | Found an ornate altar of the Wu Jian Council.
  1151 | D:2      | Reached XP level 3. HP: 13/26 MP: 4/4
  1866 | D:2      | Reached skill level 1 in Armour
  1866 | D:2      | Gained mutation: Your flesh is heat resistant. (rF+)
                  | [demonic ancestry]
  1866 | D:2      | Reached XP level 4. HP: 24/32 MP: 5/5
  2466 | D:2      | Gained mutation: Your muscles are strong. (Str +2) [potion
                  | of mutation]
  2466 | D:2      | Gained mutation: Your spells are a little harder to cast,
                  | but a little more powerful. [potion of mutation]
  2515 | D:3      | Reached skill level 1 in Polearms
  2694 | D:3      | Found a faded altar of an unknown god.
  2726 | D:3      | Gained mutation: You are immune to clouds of flame.
                  | [demonic ancestry]
  2726 | D:3      | Reached XP level 5. HP: 37/37 MP: 6/6
  2799 | D:3      | Found a shimmering altar of Xom.
  2804 | D:3      | Found a blossoming altar of Fedhas.
  2860 | D:3      | Reached skill level 2 in Polearms
  3011 | D:3      | Noticed Terence
  3023 | D:3      | Killed Terence
  3111 | D:3      | Noticed a phantom
  3146 | D:3      | Killed a phantom
  3146 | D:3      | Reached skill level 3 in Polearms
  3146 | D:3      | Gained mutation: You are partially covered in sharp spines.
                  | [demonic ancestry]
  3146 | D:3      | Reached XP level 6. HP: 15/44 MP: 7/7
  3357 | D:3      | Found a burning altar of Makhleb.
  3367 | D:3      | Reached skill level 4 in Polearms
  3592 | D:4      | Found an opulent altar of Gozag.
  3764 | D:4      | Reached skill level 5 in Polearms
  3993 | D:4      | Gained mutation: You have razor-sharp toenails. [demonic
                  | ancestry]
  3993 | D:4      | Reached XP level 7. HP: 20/51 MP: 9/9
  4229 | D:4      | Found Gakikh's Weapon Shop.
  4373 | D:4      | Found a bloodstained altar of Trog.
  4457 | D:4      | Found a basalt altar of Yredelemnul.
  4644 | D:4      | Reached skill level 6 in Polearms
  4812 | D:5      | Entered Level 5 of the Dungeon
  5030 | D:5      | Found an iron altar of Okawaru.
  5059 | D:5      | Reached XP level 8. HP: 57/57 MP: 10/10
  5061 | D:5      | Reached skill level 7 in Polearms
  5082 | D:5      | Became a worshipper of Warmaster Okawaru
  5605 | D:5      | Found a snail-covered altar of Cheibriados.
  5844 | D:6      | Found Laec Xal's Antique Weapon Shop.
  6060 | D:6      | Got an encrusted ring mail
  6071 | D:6      | Noticed a two-headed ogre
  6080 | D:6      | Killed a two-headed ogre
  6080 | D:6      | Reached skill level 8 in Polearms
  6080 | D:6      | Gained mutation: You are partially covered in rugged brown
                  | scales. (AC +1, +3% HP) [demonic ancestry]
  6080 | D:6      | Reached XP level 9. HP: 19/65 MP: 12/12
  6506 | D:6      | Identified the cursed +1 ring mail "Jaix" {rC+++ rCorr MP-9
                  | Dex+5} (You found it on level 6 of the Dungeon)
  6791 | D:7      | Reached * piety under Okawaru
  6791 | D:7      | Reached skill level 9 in Polearms
  6791 | D:7      | Reached skill level 1 in Invocations
  6813 | D:7      | Found a staircase to the Ecumenical Temple.
  6826 | D:7      | Found a glowing golden altar of the Shining One.
  6968 | D:7      | Reached skill level 5 in Evocations
  6982 | D:7      | Found Bumpoota's Assorted Antiques.
  6993 | D:7      | Bought a scroll of identify for 70 gold pieces
  6993 | D:7      | Bought a blue potion for 31 gold pieces
  6993 | D:7      | Bought a scroll of identify for 70 gold pieces
  6997 | D:7      | Found a staircase to the Lair.
  6997 | D:7      | Noticed Joseph
  7009 | D:7      | Reached ** piety under Okawaru
  7018 | D:7      | Killed Joseph
  7492 | D:8      | Noticed a troll
  7496 | D:8      | Killed a troll
  7496 | D:8      | Reached skill level 10 in Polearms
  7570 | D:8      | Gained mutation: You are mostly covered in rugged brown
                  | scales. (AC +2, +5% HP) [demonic ancestry]
  7570 | D:8      | Reached XP level 10. HP: 76/76 MP: 13/14
  7606 | D:8      | Reached *** piety under Okawaru
  7681 | D:8      | Found a shadowy altar of Dithmenos.
  7762 | D:8      | Reached skill level 5 in Fighting
  7762 | D:8      | Noticed a manticore
  7769 | D:8      | Killed a manticore
  7845 | D:8      | Noticed Erica
  7849 | D:8      | Killed Erica
  7905 | D:8      | Found Ynaokhluq's Antique Weapon Emporium.
  7931 | D:8      | Found Zehuq's Antique Armour Shoppe.
  7944 | D:8      | Found a burning altar of Makhleb.
  8183 | D:8      | Reached skill level 5 in Invocations
  8374 | D:8      | Found a sacrificial altar of Ru.
  8615 | D:9      | Demolished by a titanic slime creature

Skill      XL: |  1  2  3  4  5  6  7  8  9 10 |
---------------+-------------------------------+-----
Maces & Flails | 1 |  1.7
Dodging        | 3 4 |  4.8
Evocations     | 1 2 3 4 5 6 |  6.1
Armour         | 1 2 3 4 |  4.3
Polearms       | 1 3 5 6 8 10 | 10.5
Fighting       | 2 3 4 5 |  5.3
Invocations    | 3 5 |  5.0
Stealth        | |  3.0

Action                   |  1- 3 |  4- 6 |  7- 9 | 10-12 || total
-------------------------+-------+-------+-------+-------++-------
Melee: Whip              |   159 |       |       |       ||   159
       Spear             |     4 |    89 |       |       ||    93
       Kick              |       |    39 |    13 |     1 ||    53
       Trident           |       |   159 |    37 |       ||   196
       Glaive            |       |       |   100 |    44 ||   144
  Use: Potion            |     2 |     1 |     3 |       ||     6
       Scroll            |       |    11 |    12 |     1 ||    24
 Stab: Sleeping          |     3 |       |     2 |     1 ||     6
  Eat: Chunk             |     3 |     7 |    13 |     2 ||    25
Armor: Robe              |    19 |       |       |       ||    19
       Leather armour    |    63 |     1 |       |       ||    64
       Scale mail        |       |    26 |       |       ||    26
       Fire dragon scale |       |    79 |    15 |       ||    94
       Skin              |       |       |    73 |    20 ||    93
       Ring mail         |       |       |     3 |       ||     3
Dodge: Dodged            |   163 |   117 |    35 |     3 ||   318
